Map: Apotheosis LE

Players

llllllllllll - Winner!

  • Race: Protoss Protoss
  • League: Diamond

ArmadaVega

  • Race: Terran Terran
  • League: Diamond

VOD

Have the link to the VOD?

Description

Time

  • Played on: Sept. 29, 2016, 11:32 p.m.
  • Length: 10:31
Show
View Real Time Build Order
Export as new Build Order

llllllllllll Protoss - Winner!

Build Orders: Oracle Opening 

Get SALT Encoding   

  12  0:00  Probe (Chrono Boost)  
  13  0:11  Probe (Chrono Boost)  
  14  0:18  Pylon  
  14  0:23  Probe (Chrono Boost)  
  15  0:37  Probe (Chrono Boost)  
  15  0:40  Forge  
  16  0:47  Probe (Chrono Boost)  
  17  0:58  Probe (Chrono Boost)  
  17  0:59  Pylon  
  18  1:09  Pylon  
  18  1:22  Gateway  
  18  1:27  Gateway  
  18  1:32  Pylon  
  17  1:55  Pylon  
  17  1:58  Pylon  
  17  2:04  Probe (Chrono Boost)  
  17  2:07  Assimilator  
  18  2:11  Assimilator  
  18  2:14  Probe (Chrono Boost)  
  19  2:20  Cybernetics Core  
  18  2:27  Nexus  
  18  2:31  Pylon  
  18  2:36  Probe (Chrono Boost)  
  19  2:46  Probe (Chrono Boost)  
  19  2:50  Gateway  
  20  3:11  Photon Cannon  
  20  3:21  Stargate  
  20  3:27  Probe (Chrono Boost)  
  21  3:35  Pylon  
  21  3:37  Probe (Chrono Boost)  
  22  3:43  Adept  
  24  3:50  Mothership Core (Chrono Boost)  
  24  3:55  Probe (Chrono Boost)  
  27  3:59  Oracle  
  31  4:10  Probe (Chrono Boost)  
  31  4:21  Pylon  
  31  4:29  Probe (Chrono Boost)  
  31  4:30  Probe (Chrono Boost)  
  33  4:34  Void Ray  
  33  4:43  Probe (Chrono Boost)  
  33  4:45  Probe (Chrono Boost)  
  39  4:48  Assimilator  
  39  4:54  Probe (Chrono Boost)  
  38  5:22  Probe (Chrono Boost), Stargate  
  38  5:24  Probe (Chrono Boost)  
  38  5:25  Robotics Facility  
  41  5:36  Probe (Chrono Boost)  
  41  5:38  Void Ray  
  45  5:52  Assimilator  
  45  6:03  Stargate, Probe (Chrono Boost)  
  47  6:04  Probe (Chrono Boost)  
  47  6:08  Void Ray  
  51  6:16  Probe (Chrono Boost)  
  52  6:24  Probe (Chrono Boost)  
  53  6:28  Photon Cannon  
  53  6:33  Void Ray  
  53  6:35  Probe (Chrono Boost)  
  53  6:38  Observer  
  59  6:43  Photon Cannon, Pylon  
  59  6:45  Probe (Chrono Boost)  
  60  6:55  Void Ray  
  60  7:00  Probe (Chrono Boost)  
  65  7:11  Pylon, Probe (Chrono Boost)  
  65  7:12  Probe (Chrono Boost)  
  67  7:21  Probe (Chrono Boost)  
  68  7:24  Probe (Chrono Boost)  
  68  7:26  Pylon  
  68  7:27  Pylon  
  68  7:29  Void Ray  
  73  7:32  Void Ray  
  74  7:38  Probe (Chrono Boost)  
  78  7:57  Pylon  
  78  8:02  Photon Cannon  
  78  8:04  Photon Cannon  
  78  8:06  Pylon  
  78  8:36  Robotics Bay  
  78  8:39  Robotics Facility  
  78  8:46  Pylon  
  78  8:49  Void Ray  
  78  8:55  Void Ray, Nexus  
  86  8:57  Pylon  
  86  8:59  Pylon  
  86  9:01  Photon Cannon  
  86  9:02  Pylon  
  86  9:38  Photon Cannon  
  86  9:40  Photon Cannon  
  86  9:41  Pylon  
  86  9:42  Pylon  
Show
View Real Time Build Order
Export as new Build Order

ArmadaVega Terran 

Build Orders:  

Get SALT Encoding   

  12  0:01  SCV  
  13  0:13  SCV  
  14  0:20  Supply Depot  
  14  0:25  SCV  
  15  0:41  SCV  
  16  0:43  Barracks  
  16  0:46  Refinery  
  16  0:53  SCV  
  17  1:05  SCV  
  18  1:18  Supply Depot  
  18  1:31  Marine  
  18  1:32  Bunker  
  19  1:50  Marine  
  20  1:54  Supply Depot  
  20  2:05  SCV  
  21  2:30  Orbital Command  
  21  2:43  Ghost Academy  
  21  2:57  SCV  
  22  2:59  Barracks Tech Lab  
  22  3:04  Bunker  
  22  3:09  SCV  
  23  3:17  Ghost  
  25  3:21  SCV  
  26  3:38  Factory  
  26  3:43  Refinery  
  26  3:45  Ghost  
  26  3:46  SCV  
  29  3:58  SCV  
  30  4:02  Command Center  
  30  4:14  Ghost  
  32  4:19  SCV  
  33  4:26  Factory Tech Lab  
  32  4:38  SCV  
  33  4:43  Ghost  
  35  4:54  Siege Tank  
  35  4:55  SCV  
  39  5:01  Engineering Bay  
  39  5:14  SCV  
  39  5:18  Ghost  
  42  5:26  SCV  
  43  5:35  Missile Turret  
  43  5:38  Bunker, SCV  
  43  5:40  Orbital Command  
  44  5:45  Siege Tank  
  47  5:50  SCV  
  48  5:59  Ghost  
  48  6:02  SCV  
  51  6:09  SCV  
  52  6:15  SCV  
  52  6:17  Missile Turret  
  53  6:19  Refinery  
  53  6:21  Refinery, SCV  
  53  6:27  SCV  
  54  6:33  Missile Turret  
  54  6:37  Supply Depot  
  54  6:41  Supply Depot  
  54  6:50  Supply Depot  
  54  6:54  Supply Depot  
  54  6:58  SCV x2, Ghost  
  54  7:00  Siege Tank  
  61  7:05  Starport  
  61  7:11  SCV x2  
  63  7:17  Supply Depot  
  63  7:24  SCV x2  
  63  7:25  Liberator  
  63  7:26  Ghost  
  67  7:33  Siege Tank  
  69  7:39  SCV x2  
  74  7:50  Supply Depot  
  73  7:56  SCV x2  
  75  8:01  Supply Depot  
  75  8:04  Supply Depot  
  75  8:05  Siege Tank  
  78  8:10  Factory  
  78  8:12  Factory  
  77  8:13  Liberator  
  71  8:32  Ghost  
  76  8:43  SCV  
  76  8:44  Command Center  
  77  8:50  SCV  
  77  8:53  Siege Tank  
  81  8:55  SCV  
  81  9:01  Missile Turret  
  81  9:02  SCV  
  80  9:36  Siege Tank  
  83  9:41  Factory  
  83  9:43  Factory  
  83  9:44  Factory  
Tags
 
Add a new tag
Caveats
  • Supply blocks, unpowered buildings, or Contaminate may cause inaccurate times.
  • Supply counts are checked every 10 seconds.